 Dungeon Crawl Stone Soup version 0.18.1-47-g9310371 (webtiles) character file.

145086 mindo the Fencer (level 16, -5/167 HPs)
             Began as a Minotaur Fighter on June 18, 2016.
             Was the Champion of the Shining One.
             Killed from afar by an orc wizard (7 damage)
             ... with a magic dart
             ... on level 2 of the Orcish Mines on June 19, 2016.
             The game lasted 02:55:14 (26431 turns).

mindo the Fencer (Minotaur Fighter)                Turns: 26431, Time: 02:55:16

Health: -5/167     AC: 27    Str: 25      XL:     16   Next: 86%
Magic:  16/16      EV: 14    Int:  9 (10) God:    the Shining One [******]
Gold:   2689       SH: 18    Dex: 15      Spells: 0 memorised, 15 levels left

rFire  . . .     SeeInvis .     T - +9 scimitar (flame)
rCold  . . .     Gourm    .     V - +1 plate armour
rNeg   + + +     Faith    .     c - +3 shield
rPois  .         Spirit   .     (helmet restricted)
rElec  .         Dismiss  .     B - +2 cloak
rCorr  .         Reflect  .     (no gloves)
SustAt .         Harm     .     (no boots)
MR     ++...                    O - amulet of regeneration
Stlth  ..........               J - +3 ring of protection
                                g - +2 ring of protection

@: brilliant, glowing, very resistant to hostile enchantments, extremely
unstealthy
A: retaliatory headbutt, horns 2, magic resistance 1, robust 1, strong 1
a: Divine Shield, Cleansing Flame, Summon Divine Warrior, Brand Weapon With Holy
Wrath, Renounce Religion


You were on level 2 of the Orcish Mines.
You worshipped the Shining One.
The Shining One was exalted by your worship.
You were hungry.

You visited 4 branches of the dungeon, and saw 27 of its levels.

You collected 2949 gold pieces.
You spent 260 gold pieces at shops.

Inventory:

Hand Weapons
 a - a +0 flail
 y - a +0 double sword
 T - a +9 scimitar of flaming (weapon)
Armour
 c - a +3 shield (worn)
 e - a +0 large shield
 B - a +2 cloak (worn)
 V - a +1 plate armour (worn)
Jewellery
 g - a +2 ring of protection (left hand)
 w - an uncursed ring of flight
 C - an uncursed amulet of rage
 J - a +3 ring of protection (right hand)
 K - an uncursed ring of poison resistance
 O - an amulet of regeneration (around neck)
 S - an uncursed ring of stealth
Wands
 b - a wand of flame (15/48)
 f - a wand of iceblast (0/15)
 E - a wand of lightning (1/15)
 I - a wand of slowing (12/48)
 P - a wand of lightning (4/15)
 Y - a wand of flame (31/48)
Scrolls
 d - 6 scrolls of immolation
 h - 3 scrolls of teleportation
 i - 11 scrolls of remove curse
 k - 2 scrolls of recharging {unknown}
 l - 4 scrolls of magic mapping
 u - a scroll of fear {unknown}
 G - a scroll of blinking
 H - 3 scrolls of identify
 W - 2 scrolls of holy word {unknown}
 X - 2 scrolls of fog {unknown}
Potions
 j - 6 potions of brilliance
 n - 3 potions of invisibility {unknown}
 o - 3 potions of mutation
 r - 4 potions of cure mutation
 v - 4 potions of degeneration {unknown}
 x - 2 potions of haste {unknown}
 z - 5 potions of agility
 A - a potion of ambrosia {unknown}
 L - 7 potions of lignification
 M - a potion of flight {unknown}
 Z - 2 potions of resistance {unknown}
Books
 p - a book of Alchemy

   Spells                             Type                      Level
   a - Sublimation of Blood           Necromancy                   2
   b - Ignite Poison                  Fire/Transmutation/Poison    3
   c - Petrify                        Transmutation/Earth          4
   d - Alistair's Intoxication        Transmutation/Poison         5
   e - Irradiate                      Conjuration/Transmutation    5
 s - an Akashic Record

   Spells                             Type                      Level
   a - Dispersal                      Translocation                6
   b - Malign Gateway                 Summoning/Translocation      7
   c - Disjunction                    Translocation                8
   d - Controlled Blink               Translocation                8
 R - a Necronomicon

   Spells                             Type                      Level
   a - Haunt                          Necromancy/Summoning         7
   b - Borgnjor's Revivification      Necromancy                   8
   c - Death's Door                   Charms/Necromancy            8
   d - Necromutation                  Transmutation/Necromancy     8
   The Shining One disapproves of the use of such an item.
Miscellaneous
 t - a plain deck of defence
 F - a plain deck of changes
Comestibles
 m - 4 bread rations
 q - 2 fruits
 N - 7 meat rations
 Q - a royal jelly
 U - 3 beef jerkies


   Skills:
 * Level 16.3 Fighting
 + Level 17.7 Long Blades
 * Level 16.4 Armour
 * Level 11.0 Dodging
 - Level 0.1 Stealth
 * Level 17.4 Shields
 + Level 1.6 Invocations
 + Level 0.3 Evocations


You had 15 spell levels left.
You didn't know any spells.

Dungeon Overview and Level Annotations

Branches:
Dungeon (15/15)            Temple (0/1) D:6            Lair (8/8) D:11
 Shoals (0/4) Lair:6       Spider (0/4) Lair:6        Slime (0/6) Lair:7
    Orc (2/2) D:12            Elf (0/3) Orc:2        Vaults (0/5) D:13
 Depths (2/5) D:15

Altars:
Cheibriados
Elyvilon
Fedhas
Kikubaaqudgha
Makhleb
Nemelex Xobeh
Okawaru
Qazlal
Ru
Sif Muna
Trog
Vehumet
Xom
Zin
The Shining One
Beogh

Shops:
D:7 ?   D:10 (   D:15 (   Orc:1 (

Portals:
Hell: Depths:1 Depths:2
Abyss: Depths:1
Ziggurat: Depths:1


Innate Abilities, Weirdness & Mutations

You reflexively headbutt those who attack you in melee.
You have a pair of horns on your head.
You are resistant to hostile enchantments.
You are robust (+10% HP).
Your muscles are strong. (Str +2)


Message History

The orc priest miscasts a cantrip.
The orc wizard gestures wildly while chanting.
The orc wizard blinks!
The orc priest invokes the aid of Beogh against you.
Beogh smites you! The Shining One protects you from harm!
The orc priest miscasts a cantrip.
The orc priest mumbles some strange prayers to Beogh against you.
You resist with almost no effort.
The orc priest mumbles some strange prayers to Beogh against you.
Pain shoots through your body!
* * * LOW HITPOINT WARNING * * *
An orc wizard comes into view. It is wielding a dagger.
The orc wizard shouts!
The orc priest mumbles some strange prayers to Beogh against you.
Beogh smites you! The Shining One protects you from harm!
The orc wizard points at you and mumbles some strange words.
The magic dart hits you!
You die...

..<.# ##......))...####
.<.####...^..).)......##.##
......#.......#.#.........#
....(.))......###.........##
....(.).[.....# #....#.....###
#............####....#....#..## #
##............#.......#.......##.
#..........)))...........#...#..
##.......###)#.@.....o.......#..
##.....###..)).................
####.## ##......#...o........#
### #........o.......#.##
##...........#...###
###........###.####
##...>....##..o#.##
#..o.)...###......#
##...(([#.#.......#


You could see 3 orc priests and an orc wizard.

Vanquished Creatures
  Rupert (Lair:5)
  4 fire giants
  A storm dragon (D:12)
  A frost giant (Depths:1)
  Maud (Lair:8)
  4 stone giants
  5 ettins
  Snorg (Lair:4)
  A merfolk javelineer (Depths:1)
  A fire dragon (Depths:2)
  4 jiangshi
  Harold (Lair:1)
  Josephine (Lair:7)
  A yaktaur captain (D:12)
  2 rakshasas (Depths:1)
  3 great orbs of eyes
  The ghost of Gagarin the Cleaver, a journeyman CeGl of Okawaru (D:11)
  The ghost of Mesmaeker13 the Geomancer, a journeyman GrEE of Ashenzari (Lair:1)
  8 hydras
  Erica (D:11)
  2 ogre magi
  6 centaur warriors
  A tengu warrior (D:12)
  The ghost of Feta the Blocker, a novice FoFi of Cheibriados (D:8)
  2 vampire magi
  13 death yaks
  The ghost of Malvoorn the Grappler, a novice TrMo (Lair:1)
  A hell knight (Depths:1)
  Nergalle (D:11)
  A deep elf knight (D:13)
  5 skeletal warriors (D:13)
  A sun demon (Depths:1)
  A deep troll (D:15)
  A flayed ghost (Depths:2)
  A giant orange brain (Depths:2)
  3 unseen horrors
  2 orc knights
  A wolf spider zombie (D:14)
  A wizard (Depths:2)
  7 hill giants
  A necromancer (Depths:1)
  A harpy (shapeshifter) (D:15)
  3 griffons
  A hornet (shapeshifter) (Depths:2)
  An oklob plant (D:11)
  5 deep elf magi
  A hornet (D:14)
  15 ugly things
  5 manticores
  2 cyclopes
  13 elephants
  Maurice (D:12)
  5 black mambas
  A spiny frog (shapeshifter) (Depths:1)
  2 gargoyles
  5 spectral swamp worms (Depths:1)
  18 spiny frogs
  A kobold demonologist (D:13)
  A yaktaur (shapeshifter) (D:14)
  A rime drake (shapeshifter) (Depths:1)
  7 komodo dragons
  11 yaktaurs
  7 trolls
  2 polar bears
  3 slime creatures (Depths:1)
  2 two-headed ogres (D:10)
  48 blink frogs
  Sigmund (D:6)
  A vampire (D:11)
  2 shadows (D:12)
  3 wyverns
  2 water elementals (Depths:1)
  9 wraiths
  A centaur simulacrum (D:15)
  Eustachio (D:6)
  52 yaks
  5 basilisks
  3 hungry ghosts
  14 hippogriffs
  The ghost of daning the Charmwright, an amateur HESk (D:5)
  7 vampire mosquitoes (Lair:8)
  A mottled dragon (D:13)
  2 soldier ants (D:13)
  17 water moccasins
  Duvessa (D:6)
  12 porcupines
  23 orc warriors
  2 sky beasts
  An eye of draining (shapeshifter) (Depths:1)
  4 ice beasts
  5 phantoms
  8 ogres
  2 eyes of draining
  3 boggarts (D:15)
  A wasp (D:12)
  6 wolves
  21 centaurs
  10 crocodiles
  3 big kobolds (D:13)
  34 giant frogs
  Blork the orc (D:6)
  Dowan (D:6)
  A wyvern zombie (D:14)
  3 wyvern skeletons
  2 scorpions
  17 killer bees
  7 wights
  8 howler monkeys
  5 electric eels
  7 crimson imps
  3 centaur zombies
  A giant frog zombie (D:13)
  8 giant frog skeletons
  13 hounds
  Crazy Yiuf (D:7)
  16 orc priests
  13 jellies
  4 centaur skeletons
  10 iguanas
  21 orc wizards
  9 worker ants
  A killer bee zombie (D:11)
  17 sheep
  A worker ant zombie (D:7)
  4 gnolls (D:7)
  9 adders
  78 river rats
  3 shadow imps
  3 oozes
  6 worms
  3 dart slugs
  8 giant geckos
  81 orcs
  8 giant cockroaches
  7 goblins
  7 hobgoblins
  3 jackals (D:1)
  10 kobolds
  5 quokkas
  2 ball pythons (D:2)
  9 bats
  A giant gecko zombie (D:5)
  9 giant newts
  17 rats
  7 fungi
  7 plants (Lair:8)
973 creatures vanquished.

Vanquished Creatures (others)
  18 fungi
  18 plants
36 creatures vanquished.

Grand Total: 1009 creatures vanquished

Notes
Turn   | Place    | Note
--------------------------------------------------------------
     0 | D:1      | mindo the Minotaur Fighter began the quest for the Orb.
     0 | D:1      | Reached XP level 1. HP: 19/19 MP: 0/0
   159 | D:1      | Reached XP level 2. HP: 26/27 MP: 1/1
   655 | D:1      | Reached XP level 3. HP: 33/33 MP: 2/2
  1066 | D:2      | Found a white marble altar of Elyvilon.
  1066 | D:2      | Found a glowing silver altar of Zin.
  1067 | D:2      | Found a glowing golden altar of the Shining One.
  1075 | D:2      | Became a worshipper of the Shining One
  1199 | D:2      | Found a sparkling altar of Nemelex Xobeh.
  1331 | D:2      | Reached skill level 1 in Dodging
  1331 | D:2      | Reached XP level 4. HP: 34/40 MP: 3/3
  1944 | D:3      | Found a burning altar of Makhleb.
  1949 | D:3      | Reached XP level 5. HP: 33/46 MP: 4/4
  2043 | D:3      | Found a shimmering altar of Xom.
  2347 | D:4      | Reached skill level 5 in Armour
  2632 | D:4      | Reached skill level 5 in Shields
  3043 | D:5      | Entered Level 5 of the Dungeon
  3057 | D:5      | Reached XP level 6. HP: 45/53 MP: 5/5
  3126 | D:5      | You fall through a shaft for 3 floors!
  3154 | D:8      | Found a bloodstained altar of Trog.
  3187 | D:7      | Reached * piety under the Shining One
  3212 | D:7      | Reached skill level 5 in Fighting
  3224 | D:7      | Reached XP level 7. HP: 24/61 MP: 6/6
  3228 | D:7      | Reached skill level 5 in Long Blades
  3231 | D:7      | Noticed Crazy Yiuf
  3245 | D:7      | Killed Crazy Yiuf
  3837 | D:7      | Found Murch's Magic Scroll Emporium.
  3856 | D:7      | Bought a scroll of identify for 26 gold pieces
  3856 | D:7      | Bought a scroll of teleportation for 39 gold pieces
  3856 | D:7      | Bought 2 scrolls of enchant weapon for 195 gold pieces
  4034 | D:7      | Reached XP level 8. HP: 59/70 MP: 7/7
  4083 | D:7      | Found an ancient bone altar of Kikubaaqudgha.
  4348 | D:7      | Found a blossoming altar of Fedhas.
  4539 | D:6      | Found a deep blue altar of Sif Muna.
  4539 | D:6      | Found a sacrificial altar of Ru.
  4542 | D:6      | Found a shimmering altar of Xom.
  4601 | D:6      | Found an iron altar of Okawaru.
  4725 | D:6      | Noticed Duvessa
  4734 | D:6      | Killed Duvessa
  4739 | D:6      | Noticed Dowan
  4746 | D:6      | Killed Dowan
  4799 | D:6      | Found a staircase to the Ecumenical Temple.
  4869 | D:6      | Found a snail-covered altar of Cheibriados.
  4932 | D:6      | Noticed Eustachio
  4932 | D:6      | Reached ** piety under the Shining One
  5069 | D:5      | Noticed daning's ghost (amateur HESk)
  5081 | D:5      | Killed daning's ghost
  5524 | D:5      | Reached skill level 5 in Dodging
  5610 | D:6      | Noticed Sigmund
  5620 | D:6      | Killed Sigmund
  5695 | D:6      | Found a radiant altar of Vehumet.
  5798 | D:6      | Reached XP level 9. HP: 69/78 MP: 8/8
  5832 | D:6      | Killed Eustachio
  5938 | D:6      | Noticed Blork the orc
  5944 | D:6      | Killed Blork the orc
  6479 | D:8      | Noticed Feta's ghost (novice FoFi)
  6503 | D:8      | Killed Feta's ghost
  6716 | D:8      | Got a jewelled short sword
  7393 | D:9      | Found a stormy altar of Qazlal.
  7988 | D:10     | Entered Level 10 of the Dungeon
  8119 | D:10     | Reached *** piety under the Shining One
  8177 | D:10     | Reached XP level 10. HP: 87/88 MP: 9/9
  8567 | D:10     | Found Hyileopp's Antique Weapon Boutique.
  8820 | D:10     | Reached skill level 10 in Long Blades
  9313 | D:11     | Reached **** piety under the Shining One
  9621 | D:11     | Noticed Gagarin's ghost (journeyman CeGl)
  9658 | D:11     | Killed Gagarin's ghost
  9658 | D:11     | Reached skill level 10 in Shields
  9660 | D:11     | Noticed Erica
  9673 | D:11     | Killed Erica
 10010 | D:11     | Noticed a hill giant
 10026 | D:11     | Reached XP level 11. HP: 97/97 MP: 10/10
 10030 | D:11     | Killed a hill giant
 10114 | D:11     | Noticed a brown ugly thing
 10136 | D:11     | Killed a brown ugly thing
 10199 | D:11     | Noticed an oklob plant
 10225 | D:11     | Noticed a hill giant
 10242 | D:11     | Killed a hill giant
 10573 | D:11     | Noticed Nergalle
 10843 | D:11     | Killed Nergalle
 10843 | D:11     | Reached skill level 10 in Fighting
 10989 | D:11     | Reached skill level 10 in Armour
 11032 | D:11     | Found a glowing golden altar of the Shining One.
 11186 | D:11     | Noticed an eight-headed hydra
 11345 | D:11     | Killed a four-headed hydra
 11389 | D:11     | Found a staircase to the Lair.
 11402 | D:11     | Killed an oklob plant
 11416 | Lair:1   | Entered Level 1 of the Lair of Beasts
 11445 | Lair:1   | Noticed an eight-headed hydra
 11450 | Lair:1   | Noticed Malvoorn's ghost (novice TrMo)
 11453 | Lair:1   | Killed a three-headed hydra
 11467 | Lair:1   | Killed Malvoorn's ghost
 11467 | Lair:1   | Reached XP level 12. HP: 63/107 MP: 11/11
 12117 | Lair:1   | Noticed Mesmaeker13's ghost (journeyman GrEE)
 12145 | Lair:1   | Killed Mesmaeker13's ghost
 12170 | Lair:1   | Noticed Harold
 12410 | Lair:1   | Killed Harold
 14084 | Lair:3   | Reached XP level 13. HP: 116/116 MP: 12/12
 14569 | Lair:4   | Reached ***** piety under the Shining One
 14873 | Lair:4   | Noticed Snorg
 14883 | Lair:4   | Killed Snorg
 15323 | Lair:5   | Noticed Rupert
 15330 | Lair:5   | Paralysed by Rupert for 7 turns
 15342 | Lair:5   | Killed Rupert
 15904 | Lair:6   | Found a hole to the Spider Nest.
 15968 | Lair:6   | Gained mutation: You are robust (+10% HP). [potion of mutation]
 15968 | Lair:6   | Gained mutation: Your muscles are strong. (Str +2) [potion of mutation]
 15968 | Lair:6   | Gained mutation: You are resistant to hostile enchantments. [potion of mutation]
 16301 | Lair:6   | Found a staircase to the Shoals.
 16868 | Lair:7   | Noticed Josephine
 16879 | Lair:7   | Killed Josephine
 16888 | Lair:7   | Reached XP level 14. HP: 136/139 MP: 13/13
 17253 | Lair:7   | Reached skill level 15 in Long Blades
 17566 | Lair:7   | Found a staircase to the Slime Pits.
 17623 | Lair:8   | Entered Level 8 of the Lair of Beasts
 17690 | Lair:8   | Reached skill level 15 in Shields
 18136 | Lair:8   | Noticed Maud
 18163 | Lair:8   | Killed Maud
 18200 | Lair:8   | Reached ****** piety under the Shining One
 19389 | D:12     | Reached XP level 15. HP: 150/151 MP: 14/14
 19417 | D:12     | Found a staircase to the Orcish Mines.
 19429 | D:12     | Found a roughly hewn altar of Beogh.
 19588 | D:12     | Found a flagged portal.
 19739 | D:12     | Reached skill level 15 in Armour
 19815 | D:12     | Noticed Maurice
 19831 | D:12     | Killed Maurice
 20217 | D:12     | Noticed a storm dragon
 20229 | D:12     | Killed a storm dragon
 20431 | D:13     | Reached skill level 1 in Invocations
 21342 | D:13     | Found a gate to the Vaults.
 21379 | D:13     | Reached skill level 15 in Fighting
 22244 | D:15     | Entered Level 15 of the Dungeon
 22497 | D:15     | Found a staircase to the Depths.
 22559 | D:15     | Reached skill level 10 in Dodging
 22638 | D:15     | Found Fucw's Weapon Emporium.
 22904 | Depths:1 | Entered Level 1 of the Depths
 22921 | Depths:1 | Reached XP level 16. HP: 117/163 MP: 15/15
 23001 | Depths:1 | Found a gateway to a ziggurat.
 23192 | Depths:1 | Found a gateway to Hell.
 23448 | Depths:1 | Paralysed by a great orb of eyes for 7 turns
 23715 | Depths:1 | Found a one-way gate to the infinite horrors of the Abyss.
 24788 | Depths:2 | The Shining One protects you from harm!
 24808 | Depths:2 | HP: 7/166 [white very ugly thing (52)]
 24813 | Depths:2 | The Shining One protects you from harm!
 25469 | Orc:1    | Entered Level 1 of the Orcish Mines
 25897 | Orc:1    | Found Ykanu's Weapon Shop.
 25970 | Orc:2    | Entered Level 2 of the Orcish Mines
 26052 | Orc:2    | Found a staircase to the Elven Halls.
 26395 | Orc:2    | HP: 5/167 [orc priest/divine providence (13)]
 26398 | Orc:2    | The Shining One protects you from harm!
 26400 | Orc:2    | The Shining One protects you from harm!
 26415 | Orc:2    | HP: 3/167 [orc priest/divine providence (17)]
 26418 | Orc:2    | The Shining One protects you from harm!
 26429 | Orc:2    | HP: 1/167 [orc priest/nerve-wracking pain (13)]
 26431 | Orc:2    | The Shining One protects you from harm!
 26431 | Orc:2    | Killed from afar by an orc wizard

Skill      XL: |  1  2  3  4  5  6  7  8  9 10 11 12 13 14 15 16 |
---------------+-------------------------------------------------+-----
Armour         | 4 5 6 8 11 12 13 14 15 16 | 16.4
Fighting       | 4 5 6 8 9 10 11 12 14 15 16 | 16.3
Shields        | 4 5 6 7 9 10 12 13 14 15 16 17 | 17.4
Dodging        | 1 2 3 5 6 7 8 10 11 | 11.0
Long Blades    | 3 4 6 7 8 10 11 13 14 15 16 17 | 17.7
Invocations    | 1 |  1.6
Stealth        | |  0.1
Evocations     | |  0.3

Action                   |  1- 3 |  4- 6 |  7- 9 | 10-12 | 13-15 | 16-18 || total
-------------------------+-------+-------+-------+-------+-------+-------++-------
Melee: Long sword        |    79 |   158 |   316 |   201 |       |       ||   754
       Headbutt          |    11 |    23 |    68 |   147 |   339 |   142 ||   730
       Scimitar          |       |       |       |   507 |  1311 |   463 ||  2281
Invok: Divine Shield     |       |       |     1 |     1 |     1 |     4 ||     7
Evoke: Wand              |       |     1 |       |     3 |       |     2 ||     6
  Use: Potion            |       |     2 |     2 |     3 |     7 |    13 ||    27
       Scroll            |       |       |     8 |     8 |    18 |     5 ||    39
  Eat: Bread ration      |     1 |       |       |     2 |     2 |     1 ||     6
       Fruit             |       |     3 |    14 |    18 |     3 |       ||    38
       Meat ration       |       |       |     1 |       |     3 |     1 ||     5
       Pizza             |       |       |     1 |       |     1 |     1 ||     3
       Beef jerky        |       |       |     1 |       |     2 |       ||     3
Armor: Scale mail        |    61 |    59 |   115 |       |       |       ||   235
       Chain mail        |       |       |    33 |    83 |       |       ||   116
       Plate armour      |       |       |       |   226 |   524 |   112 ||   862
Dodge: Dodged            |    38 |    63 |   161 |   220 |   451 |    89 ||  1022
Block: Shield            |    60 |    88 |   210 |   453 |   871 |   308 ||  1990
